 Dungeon Crawl Stone Soup version 0.30-a0-743-gbfdf073431 (webtiles) character file.

Game seed: 9738529973091886778

77 jimonade the Twirler (level 4, -5/33 HPs)
             Began as a Mummy Gladiator on Feb 6, 2023.
             Killed by divine providence
             ... invoked by an orc priest
              (12 damage)
             ... on level 5 of the Dungeon.
             The game lasted 00:02:28 (1914 turns).

jimonade the Twirler (Mummy Gladiator)              Turns: 1914, Time: 00:02:28

Health: -5/33      AC:  6    Str: 17    XL:     4   Next: 14%
Magic:  4/4        EV: 12    Int:  9    God:
Gold:   77         SH:  0    Dex: 13    Spells: 3/3 levels left

rFire   x . .      SeeInvis .    a - +1 rapier (venom)
rCold   + . .      Faith    +    (no shield)
rNeg    + + +      Spirit   .    b - +0 leather armour
rPois   ∞          Reflect  .    c - +0 helmet
rElec   .          Harm     .    (no cloak)
rCorr   .          Rampage  .    m - +0 pair of gloves
Will    .....                    i - +0 pair of boots
Stlth   +                        (no amulet)
HPRegen 0.25/turn                (no ring)
MPRegen 0.09/turn                (no ring)

@: no status effects
A: cold resistance 1, negative energy resistance 3, torment resistance 2, heat
vulnerability 1, in touch with death 1, no potions, faith
a: no special abilities


You were on level 5 of the Dungeon.
You visited 1 branch of the dungeon, and saw 5 of its levels.

You collected 77 gold pieces.

Inventory:

Hand Weapons
 a - a +1 rapier of venom (weapon)
 k - a +0 quarterstaff
 n - a +0 quarterstaff
Missiles
 d - 3 throwing nets (quivered)
 e - a javelin
 l - 6 poisoned darts
Armour
 b - a +0 leather armour (worn)
 c - a +0 helmet (worn)
 i - a +0 pair of boots (worn)
 m - a +0 pair of gloves (worn)
Jewellery
 j - a ring of ice
Scrolls
 f - a scroll of silence {unknown}
 g - 6 scrolls of identify {unknown}
 h - a scroll of vulnerability {unknown}


   Skills:
 + Level 2.1 Fighting
 * Level 1.0 Short Blades
 - Level 3.3 Staves
 + Level 1.6 Throwing
 + Level 0.5 Armour
 + Level 2.8 Dodging
 + Level 0.4 Stealth


You had 3 spell levels left.
You didn't know any spells.
Your spell library contained the following spells:

 Spells                   Type           Power      Damage    Failure   Level
 Apportation              Tloc           0%         N/A       43%         1
 Sandblast                Erth           0%         2d4       43%         1
 Passwall                 Tmut/Erth      0%         N/A       58%         2
 Portal Projectile        Hex/Tloc       0%         N/A       82%         3
 Stone Arrow              Conj/Erth      0%         3d7       82%         3
 Tukima's Dance           Hex            0%         N/A       82%         3
 Alistair's Intoxication  Tmut/Pois      0%         N/A       100%        5
 Blade Hands              Tmut           Unusable   N/A       N/A         5

Dungeon Overview and Level Annotations

Branches:
Dungeon (6/15)
 Temple: D:4-7

Altars:


Innate Abilities, Weirdness & Mutations

You are immune to poison.
Your flesh is cold resistant. (rC+)
You are immune to negative energy. (rN+++)
You are immune to unholy pain and torment.
You are vulnerable to heat. (rF-)
You are in touch with the powers of death.
You do not drink.
You have a special connection with the divine. (Faith)


Message History

An orc priest comes into view. It is wielding a +0 flail.
The orc priest shouts!
The orc shouts!
The orc shouts!
You hear a shout!
The orc closely misses you.
You barely miss the orc.
An ogre comes into view. It is wielding a +0 giant spiked club.
You hit the orc wizard.
The orc wizard is poisoned.
The orc wizard is moderately wounded.
The orc priest invokes the aid of Beogh against you.
Beogh smites you!
You hit the orc wizard.
The orc wizard is moderately wounded.
The orc wizard points at you and mumbles some strange words.
The puff of flame hits you! The fire burns you terribly!
* * * LOW HITPOINT WARNING * * *
You are too injured to fight recklessly!
You are too injured to fight recklessly!
You are too injured to fight recklessly!
You are too injured to fight recklessly!
You hit the orc wizard.
The orc wizard is severely wounded.
The orc wizard gestures at you while chanting.
The magic dart hits you.
* * * LOW HITPOINT WARNING * * *
The orc priest looks satisfied for a moment.
You puncture the orc wizard!
You kill the orc wizard!
You have reached level 4!
Unknown command.
Unknown command.
Unknown command.
You hit the orc.
The orc is poisoned.
The orc is almost dead.
You kill the orc!
Your Short Blades skill increases to level 1!
You hit the orc.
The orc is poisoned.
The orc is almost dead.
The orc priest calls down the wrath of Beogh upon you.
Beogh smites you!
You die... ............. ........... ......... ....... .O... ooo

####o#######
#...@.......
#.##.#######
#.##.#
#.##.#
#.##.#
#.##.#
##....#
.####
##..####
......#...#


You could see an ogre, 2 orc priests and 2 orcs.

Vanquished Creatures
  An orc wizard (D:5)
  2 adders (D:2)
  An orc (D:5)
  2 bats (D:1)
  An endoplasm (D:1)
  2 giant cockroaches (D:1)
  6 goblins
  2 hobgoblins (D:2)
  5 kobolds
  A quokka (D:1)
  3 ball pythons
  A frilled lizard (D:2)
  5 rats
32 creatures vanquished.

Notes
Turn   | Place    | Note
-------+----------+-------------------------------------------
     0 | D:1      | jimonade the Mummy Gladiator began the quest for the Orb.
     0 | D:1      | Reached XP level 1. HP: 16/16 MP: 1/1
   318 | D:1      | Reached XP level 2. HP: 22/22 MP: 2/2
   453 | D:1      | Reached skill level 3 in Staves
  1085 | D:2      | Gained mutation: You are in touch with the powers of death.
                  | [Mummy growth]
  1085 | D:2      | Reached XP level 3. HP: 26/27 MP: 3/3
  1152 | D:2      | Found a faded altar of an unknown god.
  1846 | D:3      | You fall into a shaft and drop 3 floors!
  1894 | D:5      | Entered Level 5 of the Dungeon
  1908 | D:5      | Noticed an ogre
  1913 | D:5      | Reached XP level 4. HP: 6/33 MP: 4/4
  1914 | D:5      | Reached skill level 1 in Short Blades
  1914 | D:5      | Killed from afar by an orc priest

Illustrated notes

Levels and vault maps discovered:
D:1:      minmay_arrival_arboretum_small, layout_loops_corners
D:2:      layout_loops_ring, shapermc_ecumenical_altar_mp_ritualfount,
          grunt_ministairs_2
D:3:      layout_basic, nicolae_wu_jian_immortal_techniques
D:5:      layout_basic, gup_sewer_entry_glass, nicolae_ossuary_entry_catacombs
D:6:      layout_basic, mainiacjoe_overflow_boulevard,
          kennysheep_opposing_triangles

Skill      XL: |  1  2  3  4 |
---------------+-------------+-----
Staves         | 3 |  3.3
Short Blades   | 1 |  1.0
Fighting       | |  2.1
Throwing       | |  1.6
Armour         | |  0.5
Dodging        | |  2.8
Stealth        | |  0.4

Action                     |  1- 3 |  4- 6 || total
---------------------------+-------+-------++-------
  Melee: Quarterstaff      |    68 |       ||    68
         Rapier            |    22 |     2 ||    24
   Stab: Sleeping          |     2 |       ||     2
 Armour: Leather armour    |    36 |       ||    36
  Dodge: Dodged            |    51 |       ||    51

Table legend: (Time is in decaauts)
 A = Elapsed time spent in this place.
 B = Non-inter-level travel time spent in this place.
 C = Inter-level travel time spent in this place.
 D = Time resting spent in this place.
 E = Time spent auto-exploring this place.
 F = Levels seen in this place.
 G = Mean time per level.
                   A        B        C        D        E       F      G
               +--------+--------+--------+--------+--------+-----+--------+
         Total |   1927 |   1723 |    204 |      0 |   1450 |   5 |  385.4 |
       Dungeon |   1927 |   1723 |    204 |      0 |   1450 |   5 |  385.4 |
               +--------+--------+--------+--------+--------+-----+--------+

Top non-repeatable levels by time:
     D:2: 924 daAuts
     D:1: 919 daAuts
     D:6: 47 daAuts
     D:5: 21 daAuts
     D:3: 14 daAuts
